 Dungeon Crawl Stone Soup version 0.19.0-19-g8c6edcc (webtiles) character file.

1675 psychoDad the Thaumaturge (level 8, -12/56 HPs)
             Began as a High Elf Wizard on Nov 15, 2016.
             Mangled by an orc warrior
             ... wielding a +0 glaive
              (21 damage)
             ... on level 6 of the Dungeon.
             The game lasted 00:26:15 (6907 turns).

psychoDad the Thaumaturge (High Elf Wizard)         Turns: 6907, Time: 00:26:15

Health: -12/56     AC:  3    Str:  6    XL:     8   Next: 70%
Magic:  25/30      EV: 13    Int: 25    God:
Gold:   368        SH:  0    Dex: 13    Spells: 4 memorised, 14 levels left

rFire  . . .     SeeInvis .     h - +0 long sword
rCold  . . .     Gourm    .     M - +0 leather armour
rNeg   . . .     Faith    .     (no shield)
rPois  .         Spirit   .     b - +0 hat
rElec  .         Reflect  .     (no cloak)
rCorr  .         Harm     .     (no gloves)
MR     .....                    (no boots)
Stlth  ++........               (no amulet)
                                t - ring of magical power
                                s - ring of wizardry

@: no status effects
A: no striking features
a: no special abilities


You were on level 6 of the Dungeon.
You were very hungry.

You visited 1 branch of the dungeon, and saw 7 of its levels.
You also visited: Sewer.

You collected 368 gold pieces.

Inventory:

Hand Weapons
 h - a +0 long sword (weapon)
Armour
 b - a +0 hat (worn)
 M - a +0 leather armour (worn)
Jewellery
 e - an uncursed ring of ice
 s - a ring of wizardry (left hand)
 t - a ring of magical power (right hand)
 A - an uncursed ring of magical power
Wands
 a - a wand of digging (12/24)
Scrolls
 f - 2 scrolls of remove curse
 i - 5 scrolls of teleportation {unknown}
 j - a scroll of random uselessness {unknown}
 k - 2 scrolls of fear {unknown}
 l - 10 scrolls of identify {unknown}
 q - a scroll of recharging {unknown}
 u - 3 scrolls of noise {unknown}
 v - 2 scrolls of amnesia {unknown}
 y - 2 scrolls of blinking {unknown}
 B - a scroll of enchant weapon {unknown}
 G - 2 scrolls of magic mapping {unknown}
 H - a scroll of enchant armour {unknown}
 I - a scroll of fog {unknown}
 J - a scroll of immolation {unknown}
Potions
 g - 4 potions of curing {unknown}
 m - 2 potions of resistance {unknown}
 p - 2 potions of haste {unknown}
 w - a potion of heal wounds {unknown}
 x - 2 potions of lignification {unknown}
 z - a potion of berserk rage {unknown}
 C - a potion of cure mutation {unknown}
 D - a potion of might {unknown}
 F - 2 potions of agility {unknown}
 K - a potion of brilliance {unknown}
 L - a potion of degeneration {unknown}
 N - a potion of ambrosia {unknown}
Books
 c - a book of Minor Magic

   Spells                             Type                      Level
   a - Magic Dart                     Conjuration                  1
   b - Blink                          Translocation                2
   c - Call Imp                       Summoning                    2
   d - Repel Missiles                 Charms/Air                   2
   e - Slow                           Hexes                        2
   f - Conjure Flame                  Conjuration/Fire             3
   g - Mephitic Cloud                 Conjuration/Poison/Air       3
 E - a book of Cantrips

   Spells                             Type                      Level
   a - Confusing Touch                Hexes                        1
   b - Animate Skeleton               Necromancy                   1
   c - Summon Small Mammal            Summoning                    1
   d - Apportation                    Translocation                1
 O - a Young Poisoner's Handbook

   Spells                             Type                      Level
   a - Sting                          Conjuration/Poison           1
   b - Mephitic Cloud                 Conjuration/Poison/Air       3
   c - Olgreb's Toxic Radiance        Poison                       4
   d - Alistair's Intoxication        Transmutation/Poison         5
   e - Venom Bolt                     Conjuration/Poison           5
Miscellaneous
 r - a box of beasts
Comestibles
 d - 6 bread rations
 n - 4 fruits
 o - 6 meat rations


   Skills:
 - Level 5.5 Fighting
 * Level 2.8 Armour
 - Level 5.2 Dodging
 - Level 2.1 Stealth
 - Level 8.2 Spellcasting
 - Level 4.1 Conjurations
   Level 0.8 Summonings
 - Level 1.1 Translocations


You had 14 spell levels left.
You knew the following spells:

 Your Spells              Type           Power        Failure   Level  Hunger
a - Magic Dart            Conj           ####         1%          1    None
b - Blink                 Tloc           N/A          4%          2    None
c - Mephitic Cloud        Conj/Pois/Air  ###.....     7%          3    None
d - Conjure Flame         Conj/Fire      ###.....     4%          3    None


Dungeon Overview and Level Annotations

Branches:
Dungeon (7/15)             Temple (0/1) D:6

Altars:
Dithmenos
Elyvilon
Fedhas
Hepliaklqana
Nemelex Xobeh
Okawaru
Trog
Xom
Yredelemnul
The Shining One

Shops:
D:4 *   D:6 (

Annotations:
D:7 Dowan, Duvessa


Message History

You hit the orc warrior.
The orc warrior is heavily wounded.
You hit the orc warrior but do no damage.
The orc warrior is heavily wounded.
The orc warrior seems less confused.
The orc warrior hits you with a glaive!
* * * LOW HITPOINT WARNING * * *
Casting: Mephitic Cloud
Confirm with . or Enter, or press ? or * to list all spells.
You blink.
Casting: Blink
Confirm with . or Enter, or press ? or * to list all spells.
Aiming: Mephitic Cloud
Press: ? - help, Shift-Dir - straight line, f/p - orc warrior
Aim: an orc warrior, wielding a glaive and wearing a chain mail (heavily wounded)
The ball explodes into a vile cloud!
The stinking cloud engulfs the orc warrior.
The orc warrior is heavily wounded.
The orc warrior is engulfed in noxious fumes.
The orc warrior hits you from afar with a glaive!!
You die...

#................(.
#..................
#......)....)......
#........[.<.......
###'#######'#####..
#..............#..
#..............#..
#.§§...........#..
#@.o.....).....#..
#...§..........#..
####+###......##..
##......####
#.......#...
#.......#...
#.....<.#...
#.......##'#
#.......#...


You could see an orc warrior.

Vanquished Creatures
  An ice beast (D:7)
  A sky beast (D:5)
  Purgy (Sewer)
  2 ogres
  A phantom (D:6)
  2 centaurs
  2 bullfrogs
  A water moccasin zombie (D:6)
  The ghost of estick the Skirmisher, a weakling GrSk (D:3)
  2 howler monkeys
  2 crimson imps
  A centaur zombie (D:7)
  3 hounds
  A jelly (D:6)
  A centaur skeleton (D:5)
  A bullfrog skeleton (D:5)
  An orc priest (D:6)
  An orc wizard (D:7)
  Jessica (D:2)
  2 iguanas
  2 worker ants
  A hound skeleton (D:5)
  A worker ant zombie (D:6)
  10 adders
  3 gnolls
  A river rat (D:3)
  A shadow imp (D:5)
  2 adder zombies
  An adder skeleton (D:6)
  A worm (D:2)
  4 dart slugs
  3 leopard geckos
  3 orcs
  2 ball pythons
  3 giant cockroaches
  8 goblins
  8 hobgoblins
  3 jackals
  6 quokkas
  9 bats
  A frilled lizard (D:1)
  4 kobolds
  8 rats
  A spectral orc (D:6)
114 creatures vanquished.

Vanquished Creatures (others)
  A quokka (D:7)
1 creature vanquished.

Grand Total: 115 creatures vanquished

Notes
Turn   | Place    | Note
-------+----------+-------------------------------------------
     0 | D:1      | psychoDad the High Elf Wizard began the quest for the Orb.
     0 | D:1      | Reached XP level 1. HP: 11/11 MP: 6/6
   311 | D:1      | Reached XP level 2. HP: 17/17 MP: 4/7
   961 | D:2      | Reached XP level 3. HP: 21/21 MP: 5/9
  1050 | D:2      | Noticed Jessica
  1052 | D:2      | Killed Jessica
  1233 | D:2      | Reached XP level 4. HP: 27/27 MP: 8/10
  1401 | D:2      | Found a shimmering altar of Xom.
  1452 | D:2      | Found a hazy altar of Hepliaklqana.
  1452 | D:2      | Noticed a glowing orange brain
  1453 | D:2      | Noticed a glowing orange brain
  1453 | D:2      | Noticed a spectral ugly thing
  1492 | D:2      | Reached skill level 4 in Spellcasting
  1669 | D:3      | Learned a level 2 spell: Blink
  2122 | D:3      | Found a glowing drain.
  2148 | Sewer    | Entered a sewer
  2222 | Sewer    | Learned a level 3 spell: Conjure Flame
  2226 | Sewer    | Learned a level 3 spell: Mephitic Cloud
  2238 | Sewer    | Noticed Purgy
  2285 | Sewer    | Killed Purgy
  2285 | Sewer    | Reached skill level 5 in Spellcasting
  2285 | Sewer    | Reached XP level 5. HP: 31/31 MP: 3/14
  2440 | D:3      | You fall through a shaft for 3 floors!
  2521 | D:6      | Reached skill level 6 in Spellcasting
  2521 | D:6      | Reached XP level 6. HP: 23/36 MP: 5/16
  2801 | D:5      | Entered Level 5 of the Dungeon
  2836 | D:5      | Found an iron altar of Okawaru.
  2836 | D:5      | Found a glowing golden altar of the Shining One.
  2839 | D:5      | Noticed a sky beast
  3120 | D:6      | Found Kaskovint's Antique Weapon Boutique.
  3143 | D:6      | Reached skill level 7 in Spellcasting
  3304 | D:6      | Reached XP level 7. HP: 19/41 MP: 17/18
  3501 | D:6      | Found a basalt altar of Yredelemnul.
  3525 | D:6      | Found a staircase to the Ecumenical Temple.
  3614 | D:5      | Reached skill level 5 in Dodging
  3697 | D:5      | Reached skill level 1 in Fighting
  4013 | D:4      | Reached XP level 8. HP: 54/54 MP: 11/20
  4206 | D:3      | Noticed estick's ghost (weakling GrSk)
  4228 | D:3      | Killed estick's ghost
  4738 | D:4      | Found Aro Woas's Assorted Antiques.
  4885 | D:4      | Found a shadowy altar of Dithmenos.
  5075 | D:4      | Found a bloodstained altar of Trog.
  5417 | D:5      | Found a sparkling altar of Nemelex Xobeh.
  5423 | D:5      | Found a shadowy altar of Dithmenos.
  5631 | D:6      | Reached skill level 5 in Fighting
  6265 | D:7      | Reached skill level 8 in Spellcasting
  6278 | D:7      | Reached skill level 1 in Armour
  6457 | D:7      | Found a blossoming altar of Fedhas.
  6557 | D:7      | Found a white marble altar of Elyvilon.
  6605 | D:7      | Noticed Duvessa
  6623 | D:7      | Noticed Dowan
  6623 | D:7      | Noticed a hippogriff
  6907 | D:6      | Mangled by an orc warrior

Skill      XL: |  1  2  3  4  5  6  7  8 |
---------------+-------------------------+-----
Conjurations   | 2 3 4 |  4.1
Spellcasting   | 5 6 7 8 |  8.2
Dodging        | 3 5 |  5.2
Fighting       | 3 5 |  5.5
Armour         | 2 |  2.8
Stealth        | |  2.1
Summonings     | |  0.8
Translocations | |  1.1

Action                   |  1- 3 |  4- 6 |  7- 9 || total
-------------------------+-------+-------+-------++-------
Melee: Unarmed           |     1 |       |       ||     1
       Short sword       |       |    15 |    26 ||    41
       Long sword        |       |       |    27 ||    27
 Cast: Magic Dart        |    72 |    94 |   159 ||   325
       Mephitic Cloud    |       |     6 |    17 ||    23
       Conjure Flame     |       |     4 |    17 ||    21
       Blink             |       |     1 |    10 ||    11
  Use: Scroll            |       |       |     2 ||     2
 Stab: Confused          |       |     4 |     7 ||    11
  Eat: Chunk             |       |     7 |     9 ||    16
       Fruit             |       |       |     1 ||     1
Armor: Robe              |    16 |     1 |     3 ||    20
       Leather armour    |       |       |     5 ||     5
Dodge: Dodged            |    33 |    30 |    42 ||   105
       Rpst.: Long sword |       |       |     4 ||     4
